 Dungeon Crawl Stone Soup version 0.27-a0-1555-g0e7b3fb (webtiles) character file.

Game seed: 13498446118882772065

11 Meow the Digger (level 2, 20/20 HPs)
             Began as a Ghoul Earth Elementalist on July 14, 2021.
             Quit the game on level 1 of the Dungeon.
             The game lasted 00:02:22 (706 turns).

Meow the Digger (Ghoul Earth Elementalist)           Turns: 706, Time: 00:02:22

Health: 20/20      AC:  3    Str: 11    XL:     2   Next: 29%
Magic:  4/4        EV: 12    Int: 10    God:
Gold:   41         SH:  0    Dex:  9    Spells: 4/5 levels left

rFire    . . .     SeeInvis .   (no weapon)
rCold    + . .     Faith    .   (no shield)
rNeg     + + +     Spirit   .   b - +0 robe
rPois    ∞         Reflect  .   (no helmet)
rElec    .         Harm     .   (no cloak)
rCorr    .         Rampage  .   (no gloves)
Will     .....                  d - +0 pair of boots
Stlth    ++........             (no amulet)
HPRegen  0.06/turn              (no ring)
MPRegen  0.09/turn              (no ring)

@: no status effects
A: claws 1, cold resistance 1, negative energy resistance 3, inhibited
regeneration, torment resistance 2
a: no special abilities


You were on level 1 of the Dungeon.
You visited 1 branch of the dungeon, and saw 2 of its levels.

You collected 41 gold pieces.

Inventory:

Missiles
 c - 54 stones
Armour
 b - a +0 robe (worn)
 d - a +0 pair of boots (worn)
Jewellery
 a - a ring of ice
Potions
 e - a potion of attraction {unknown}
 f - a potion of curing {unknown}


   Skills:
 - Level 1.7 Dodging
 - Level 2.1 Stealth
 + Level 2.1 Spellcasting
 - Level 0.8 Transmutations
 + Level 3.7 Earth Magic


You had 4 spell levels left.
You knew the following spells:

 Your Spells              Type           Power      Damage    Failure   Level
a - Sandblast             Erth           16%        2d6       7%          1

Your spell library contained the following spells:

 Spells                   Type           Power      Damage    Failure   Level
 Passwall                 Tmut/Erth      4%         N/A       19%         2
 Stone Arrow              Conj/Erth      8%         3d7       41%         3
 Petrify                  Tmut/Erth      5%         N/A       77%         4


Dungeon Overview and Level Annotations

Branches:
Dungeon (2/15)

Altars:


Innate Abilities, Weirdness & Mutations

You thrive by killing the living.
You are immune to poison.
You have sharp fingernails.
Your flesh is cold resistant. (rC+)
You are immune to negative energy. (rN+++)
You do not regenerate when monsters are visible.
You are immune to unholy pain and torment.


Message History

You kill the bat!
You feel better.
Unknown command.
You start resting.
Magic restored.
You start resting.
HP restored.
Key pressed, stopping explore.
A bat comes into view.
A bat is nearby!
A bat is nearby!
A hobgoblin comes into view.
Found a ring mail.
The hobgoblin shouts!
Found 18 stones.
You closely miss the hobgoblin. The bat hits you but does no damage.
The hobgoblin closely misses you. The bat misses you.
You closely miss the hobgoblin. The bat completely misses you.
The hobgoblin hits you but does no damage.
You scratch the hobgoblin.
The hobgoblin is heavily wounded.
The bat hits you but does no damage. The hobgoblin barely misses you.
You scratch the hobgoblin but do no damage.
The hobgoblin is heavily wounded.
The bat hits you. The hobgoblin barely misses you.
You scratch the hobgoblin.
You kill the hobgoblin!
The bat hits you but does no damage.
You closely miss the bat. The bat closely misses you. x2
You miss the bat. The bat hits you but does no damage.
You closely miss the bat. The bat barely misses you.
You scratch the bat.
The bat is severely wounded.
The bat closely misses you.
You scratch the bat.
You kill the bat!
c - 54 stones (gained 18)
Found 11 poisoned darts and a coppery potion.
f - a coppery potion Are you sure you want to abandon this character and quit the game? (Confirm with "yes".)

#. . #. ##. ## #.. ##
#.# #. #. ... #. ## #.#
###.# # #.# #... # #@#
#.. .# #####.## #.#
###.## #......#
###.##......
#.###..####.......####
##.###.......#.#.#.#..<
.........######.....#...
....#.##.# ###.#.#..8 ##
#. #.# #....#... . .(#
#....#...


There were no monsters in sight!

Vanquished Creatures
  An endoplasm (D:2)
  A giant cockroach (D:2)
  A goblin (D:2)
  A hobgoblin (D:1)
  A quokka (D:1)
  3 bats
  2 kobolds (D:2)
10 creatures vanquished.

Notes
Turn   | Place    | Note
-------+----------+-------------------------------------------
     0 | D:1      | Meow the Ghoul Earth Elementalist began the quest for the
                  | Orb.
     0 | D:1      | Reached XP level 1. HP: 14/14 MP: 2/2
   435 | D:2      | Reached XP level 2. HP: 13/20 MP: 0/4
   706 | D:1      | Quit the game

Illustrated notes

Levels and vault maps discovered:
D:1:      minmay_arrival_solitary_statue, layout_loops_cross
D:2:      layout_loops_ring, shapermc_ecumenical_altar_venn

Skill      XL: |  1 |
---------------+----+-----
Spellcasting   | 2 |  2.1
Dodging        | |  1.7
Stealth        | |  2.1
Transmutations | |  0.8
Earth Magic    | |  3.7

Action                   || total
-------------------------++-------
Melee: Unarmed           ||    41
 Cast: Sandblast         ||    12
Armor: Robe              ||    19
Dodge: Dodged            ||    39

Table legend: (Time is in decaauts)
 A = Elapsed time spent in this place.
 B = Non-inter-level travel time spent in this place.
 C = Inter-level travel time spent in this place.
 D = Time resting spent in this place.
 E = Time spent auto-exploring this place.
 F = Levels seen in this place.
 G = Mean time per level.
                   A        B        C        D        E       F      G
               +--------+--------+--------+--------+--------+-----+--------+
         Total |    706 |    706 |      0 |    282 |    203 |   2 |  353.0 |
       Dungeon |    706 |    706 |      0 |    282 |    203 |   2 |  353.0 |
               +--------+--------+--------+--------+--------+-----+--------+

Top non-repeatable levels by time:
     D:2: 507 daAuts
     D:1: 198 daAuts
